[Event "Titled Tuesday Blitz March 08 Early 2022"]
[White "Jary, Sergey"]
[Black "Gaehwiler, Gabriel"]
[WhiteFideId "14110350"]
[BlackFideId "1314530"]
[WhiteElo "2260"]
[BlackElo "2383"]
[Result "1-0"]
[Round "08"]
[TimeControl "180+1"]
[Date "2022.03.08"]
[WhiteClock "0:00:46"]
[BlackClock "0:00:18"]

1. e4 e5 2. Nf3 Nf6 3. d4 Nxe4 4. Bd3 d5 5. Nxe5 Nd7 6. Nxd7 Bxd7 7. O-O Bd6 8. Qh5 c6 9. Nd2 Qe7 10. c4 g6 11. Qh6 f5 12. cxd5 cxd5 13. Nf3 Qf8 14. Re1 Qxh6 15. Bxh6 O-O-O 16. Rac1+ Kb8 17. Ne5 Bb4 18. Bf4 Ka8 19. Rf1 Be8 20. f3 Nd6 21. Bg5 Rb8 22. a3 Ba5 23. Rc5 Bb6 24. Rxd5 Nf7 25. Nxf7 Bxf7 26. Rd6 h6 27. Bh4 Rhe8 28. Rc1 Re3 29. Rd1 Bb3 30. Bf2 Ree8 31. Rc1 Rbd8 32. Rxg6 f4 33. Rxh6 Bxd4 34. Bxd4 Rxd4 35. Be4 Rd2 36. Rh7 Rg8 37. Rg7 Re8 38. h4 Rxb2 39. Bxb7+ Kb8 40. Be4 1-0


[Site "https://www.chess.com"]

[Event "Titled Tuesday Blitz March 08 Early 2022"]
[White "Jaskolka, Tomasz"]
[Black "Samaganova, Aleksandra"]
[WhiteFideId "1170791"]
[BlackFideId "13800221"]
[WhiteElo "2073"]
[BlackElo "1859"]
[Result "1-0"]
[Round "08"]
[TimeControl "180+1"]
[Date "2022.03.09"]
[WhiteClock "0:00:45"]
[BlackClock "0:00:02"]

1. d4 Nf6 2. Bf4 e6 3. e3 b6 4. Nf3 Bb7 5. Nbd2 c5 6. Nc4 d5 7. Nce5 a6 8. Ng5 Qc8 9. Ngxf7 Rg8 10. c3 b5 11. Bd3 Nc6 12. Nxc6 Bxc6 13. Ne5 g5 14. Bg3 h6 15. Qf3 Bg7 16. Bg6+ Ke7 17. h4 Rf8 18. hxg5 hxg5 19. Qe2 b4 20. cxb4 Bb5 21. Qd2 cxd4 22. Rc1 Qb7 23. exd4 Rac8 24. Rc5 Rxc5 25. bxc5 Bc4 26. b3 Bb5 27. Qxg5 Be8 28. Bxe8 Kxe8 29. O-O Rg8 30. c6 Qe7 31. Qg6+ 1-0


[Site "https://www.chess.com"]

[Event "Titled Tuesday Blitz March 08 Early 2022"]
[White "Jumabayev, Rinat"]
[Black "Talibov, Shiroghlan"]
[WhiteFideId "13702661"]
[BlackFideId "13429078"]
[WhiteElo "2561"]
[BlackElo "2070"]
[Result "1/2-1/2"]
[Round "08"]
[TimeControl "180+1"]
[Date "2022.03.08"]
[WhiteClock "0:00:06"]
[BlackClock "0:00:04"]

1. d4 d5 2. c4 e6 3. Nf3 c6 4. g3 f5 5. Bg2 Nf6 6. O-O Bd6 7. b3 Qe7 8. a4 O-O 9. Ba3 Bxa3 10. Nxa3 Nbd7 11. a5 Ne4 12. Nc2 a6 13. Nce1 g5 14. Nd3 g4 15. Nfe5 Nxe5 16. Nxe5 Bd7 17. f3 gxf3 18. exf3 Nf6 19. Re1 Kh8 20. Qd2 Rg8 21. Re2 Raf8 22. Rae1 Bc8 23. Nd3 Qg7 24. Nf4 Re8 25. Nxe6 Bxe6 26. Rxe6 Ne4 27. fxe4 Rxe6 28. cxd5 cxd5 29. e5 Rd8 30. Bh3 Rf8 31. Rf1 Qg6 32. Rf4 Re7 33. Qd3 Ref7 34. Kg2 Qe6 35. Qc2 Rc8 36. Qf2 Rcf8 37. Kg1 Qc8 38. Bf1 Qc3 39. h4 Rg8 40. Kh2 Qxb3 41. Bh3 Rc8 42. e6 Rc2 43. exf7 Rxf2+ 44. Rxf2 Kg7 45. Rxf5 Qc2+ 46. Kg1 Kf8 47. Rf4 Qd1+ 48. Kh2 Qd2+ 49. Bg2 Qxa5 50. Rf5 Qd2 51. Kh3 Qxd4 52. Bxd5 h6 53. Bxb7 Qd7 54. Be4 Qe6 55. Bb1 a5 56. Kg2 a4 57. Rf2 a3 58. Ba2 Qe4+ 59. Kh2 Qe3 60. Rc2 Kg7 61. h5 Qe4 62. Rf2 Kf8 63. Rd2 Kg7 64. Rf2 Kf8 65. Kh3 Qe5 66. Kg4 Qg5+ 67. Kh3 Qxh5+ 68. Kg2 Qe5 69. Rd2 Qe4+ 70. Kh2 Kg7 71. Rf2 Kf8 72. Rd2 Kg7 73. Rd8 Qe2+ 74. Kh3 Qh5+ 75. Kg2 Qe2+ 76. Kh3 Qh5+ 77. Kg2 Qe2+ 78. Kh3 1/2-1/2


[Site "https://www.chess.com"]

[Event "Titled Tuesday Blitz March 08 Early 2022"]
[White "Kamara, Ansumana"]
[Black "Vianello, Enrico"]
[WhiteFideId "1622218"]
[BlackFideId "810738"]
[WhiteElo "1935"]
[BlackElo "2261"]
[Result "1-0"]
[Round "08"]
[TimeControl "180+1"]
[Date "2022.03.09"]
[WhiteClock "0:01:45"]
[BlackClock "0:00:13"]

1. e4 c5 2. Nf3 Nc6 3. d4 cxd4 4. Nxd4 Nf6 5. Nc3 e5 6. Ndb5 d6 7. Bg5 a6 8. Na3 b5 9. Nd5 Be7 10. Nxe7 Nxe7 11. c4 b4 12. Nc2 a5 13. f3 O-O 14. Qd2 Qc7 15. O-O-O Rd8 16. b3 Be6 17. Bxf6 gxf6 18. Qh6 Ng6 19. h4 Qe7 20. h5 Nf8 21. Rh3 Bxh3 22. gxh3 Kh8 23. Ne3 Qe8 24. Nf5 Ne6 25. Qxf6+ Kg8 26. Be2 Qf8 27. Rg1+ 1-0


[Site "https://www.chess.com"]

[Event "Titled Tuesday Blitz March 08 Early 2022"]
[White "Kamsky, Gata"]
[Black "Zhigalko, Sergei"]
[WhiteFideId "2000024"]
[BlackFideId "13502956"]
[WhiteElo "2645"]
[BlackElo "2662"]
[Result "0-1"]
[Round "08"]
[TimeControl "180+1"]
[Date "2022.03.08"]
[WhiteClock "0:00:14"]
[BlackClock "0:00:03"]

1. e4 c5 2. Nc3 Nc6 3. Nf3 Nf6 4. d4 cxd4 5. Nxd4 e5 6. Ndb5 d6 7. Bg5 a6 8. Na3 b5 9. Nd5 Be7 10. Bxf6 Bxf6 11. c4 b4 12. Nc2 O-O 13. Be2 a5 14. O-O Bg5 15. Qd3 Be6 16. Rfd1 Rb8 17. b3 Kh8 18. Nde3 Qb6 19. Bg4 Rbd8 20. g3 g6 21. h4 Bh6 22. Kg2 Qc5 23. Bxe6 fxe6 24. Ng4 Bg7 25. Qe3 Nd4 26. Nxd4 exd4 27. Qg5 h5 28. Nh2 d3 29. Qxc5 dxc5 30. Rab1 Bd4 31. f4 e5 32. Rxd3 exf4 33. Nf3 fxg3 34. Rbd1 Rde8 35. Nxd4 cxd4 36. Rxd4 Rf2+ 37. Kxg3 Rxa2 38. Rd8 Rxd8 39. Rxd8+ Kg7 40. c5 Rc2 41. Rd5 Rc3+ 42. Kf4 Rxb3 43. c6 Rc3 44. Rxa5 Rxc6 45. Rb5 Rc4 46. Kg5 Rxe4 47. Rb7+ Kf8 48. Kxg6 Rxh4 49. Kg5 Rc4 50. Kxh5 Ke8 51. Kg5 Kd8 52. Kf5 Kc8 53. Rb5 Kc7 54. Ke5 Kc6 55. Rb8 Rh4 0-1


[Site "https://www.chess.com"]

[Event "Titled Tuesday Blitz March 08 Early 2022"]
[White "Kanyamarala, Tarun"]
[Black "Sanchez, Robert"]
[WhiteFideId "45004714"]
[BlackFideId "2034360"]
[WhiteElo "2075"]
[BlackElo "2276"]
[Result "1-0"]
[Round "08"]
[TimeControl "180+1"]
[Date "2022.03.09"]
[WhiteClock "0:01:40"]
[BlackClock "0:01:03"]

1. d4 Nf6 2. Nf3 e6 3. e3 c5 4. Bd3 b6 5. O-O Bb7 6. c4 cxd4 7. exd4 d6 8. Nc3 Be7 9. d5 e5 10. Nd2 O-O 11. f4 Nbd7 12. Nf3 exf4 13. Bxf4 Nc5 14. Bc2 a5 15. Nd4 Re8 16. Qf3 Rc8 17. Nf5 Bf8 18. Bg5 b5 19. Nxb5 h6 20. Nxh6+ gxh6 21. Bxf6 1-0


[Site "https://www.chess.com"]

[Event "Titled Tuesday Blitz March 08 Early 2022"]
[White "Kanyamarala, Trisha"]
[Black "Maung, Maung Kyaw Zaw Hein"]
[WhiteFideId "45004722"]
[BlackFideId "13001698"]
[WhiteElo "2047"]
[BlackElo "1785"]
[Result "0-1"]
[Round "08"]
[TimeControl "180+1"]
[Date "2022.03.09"]
[WhiteClock "0:00:05"]
[BlackClock "0:00:08"]

1. c4 c6 2. Nc3 d5 3. e3 Nf6 4. Nf3 Bg4 5. Be2 Nbd7 6. O-O e6 7. d4 Bd6 8. b3 O-O 9. Bb2 Qe7 10. h3 Bh5 11. Qc2 dxc4 12. bxc4 e5 13. Ng5 Bxe2 14. Qxe2 e4 15. d5 h6 16. dxc6 bxc6 17. Ngxe4 Nxe4 18. Nxe4 Qxe4 19. Rfd1 Qe6 20. f4 Bc5 21. Rd3 Rfe8 22. Rad1 Nb6 23. Kh1 Nxc4 24. Bc3 Nxe3 25. Rc1 Bb6 26. Qf3 Nd5 27. Ba1 Rac8 28. f5 Qd7 29. Qg4 f6 30. Qg6 Qf7 31. Qg4 Ne3 32. Qg3 Nxf5 33. Qf4 Ne7 34. Rd7 Nd5 35. Qf5 Qe6 36. Qxe6+ Rxe6 37. Rxd5 cxd5 38. Rxc8+ Kf7 39. Bc3 d4 40. Bd2 Re2 41. Bb4 d3 42. Rc1 d2 43. Rd1 Be3 44. Kh2 Ke6 45. Kg3 Rf2 46. a4 Kd5 47. Bxd2 Rxd2 48. Re1 Ke4 49. Rb1 Rd4 50. Rb7 Bf4+ 51. Kg4 Rxa4 52. Re7+ Be5 53. Rxg7 a5 54. Kh5 Ra1 55. Kxh6 a4 56. Ra7 a3 57. g4 a2 58. h4 Kf4 59. Kg6 Ke4 60. Ra4+ Kd5 61. h5 Rg1 62. Rxa2 Rxg4+ 63. Kf7 Rh4 64. Kg6 Ke4 65. h6 f5 66. Ra4+ Bd4 67. h7 f4 68. Kg5 Rh2 69. Kg6 f3 70. Ra8 f2 71. Re8+ Kd3 72. Rf8 Ke2 73. Re8+ Be3 74. Rxe3+ Kxe3 75. Kg7 Rxh7+ 76. Kxh7 f1=Q 77. Kg6 Ke4 78. Kg5 Ke5 79. Kg6 Qf8 80. Kg5 Qg7+ 81. Kh4 Kf4 82. Kh5 Qh7# 0-1


[Site "https://www.chess.com"]

[Event "Titled Tuesday Blitz March 08 Early 2022"]
[White "Karolczuk, Iwo"]
[Black "Bortnyk, Olexandr"]
[WhiteFideId "21816972"]
[BlackFideId "14120828"]
[WhiteElo "2243"]
[BlackElo "2723"]
[Result "0-1"]
[Round "08"]
[TimeControl "180+1"]
[Date "2022.03.08"]
[WhiteClock "0:00:01"]
[BlackClock "0:00:03"]

1. e4 Nf6 2. e5 Nd5 3. d4 d6 4. exd6 exd6 5. c4 Nb6 6. Nc3 Be7 7. Bd3 O-O 8. Nge2 Na6 9. b3 c6 10. O-O d5 11. c5 Nd7 12. Bf4 Bf6 13. a3 Nc7 14. Qc2 g6 15. Rad1 Ne6 16. Be3 Bg7 17. f4 f5 18. b4 Nf6 19. Kh1 b5 20. a4 a6 21. Ra1 Bd7 22. Bg1 Re8 23. h3 Ne4 24. Bxe4 dxe4 25. axb5 axb5 26. Rxa8 Qxa8 27. Qb3 Kh8 28. d5 cxd5 29. Nxd5 Bc6 30. Nb6 Qb7 31. Be3 Qe7 32. Rd1 Rd8 33. Rxd8+ Nxd8 34. Nd4 Be8 35. Qd5 h5 36. Nc8 Qd7 37. Nd6 Kh7 38. N4xb5 Bf7 39. Qd2 Bg8 40. Nc3 Nc6 41. b5 Na5 42. b6 Nb3 43. Qc2 Na5 44. Ncb5 Nc6 45. b7 Nb8 46. Qa4 Bd5 47. Qa8 Qd8 48. Qa7 Nd7 49. Nd4 Qc7 50. N6b5 Qxb7 51. Qxb7 Bxb7 52. c6 Bc8 53. cxd7 Bxd7 54. Nd6 Bf8 55. Nf7 Kg7 56. Ne5 Bc8 57. Ne2 Bd6 58. Bd4 Kh7 59. Nc3 Bb7 60. Nb5 Bb4 61. Nc7 Bc8 62. Nd5 Bd2 63. g3 Bb7 64. Ne3 Bb4 65. Kg1 Be1 66. Kg2 h4 67. g4 Bg3 68. gxf5 gxf5 69. Nxf5 e3+ 70. Kf1 Ba6+ 71. Kg2 Bb7+ 72. Nf3 e2 73. Bc3 e1=Q 74. Bxe1 Bxe1 75. Nd4 Bg3 76. Nf5 Be1 77. Nd4 Kg6 78. f5+ Kf6 79. Kf1 Bg3 80. Ke2 Bf4 81. Kf2 Bg3+ 82. Ke2 Bd5 83. Ke3 Bc4 84. Ke4 Bf1 85. Ke3 Bxh3 86. Ne2 Bd6 87. Nf4 Bg4 88. Nxh4 Kg5 89. Nhg2 Kxf5 90. Nh4+ Kg5 91. Nhg2 Bc5+ 92. Ke4 Ba7 93. Kd3 Bf5+ 94. Ke2 Be4 95. Kd2 Kg4 96. Ke2 Bf3+ 97. Kd3 Bb7 98. Kd2 Kf3 99. Kd3 Ba6+ 100. Kd2 Bb6 101. Kc3 Bc5 102. Kd2 Bb4+ 103. Kc2 Bc4 104. Kb2 Bf7 105. Kc2 Ke4 106. Ne2 Bg6 107. Ngf4 Bh7 108. Kb3 Bd6 109. Ng2 Kd3 110. Nef4+ Kd4 111. Ne6+ Kd5 112. Nef4+ Ke4 113. Ne2 Bg8+ 114. Kc2 Bb4 115. Nc3+ Kf3 116. Ne1+ Ke3 117. Nd3 Bh7 118. Kb3 Bd6 119. Nb2 Bg8+ 120. Kc2 Bc7 121. Nc4+ Bxc4 122. Nd1+ Kd4 123. Nb2 Bd5 124. Nd1 Ba5 125. Nb2 Be4+ 126. Kb3 Bc3 127. Na4 Bd5+ 128. Kc2 Be1 129. Nb2 Bh4 130. Kd2 Be4 131. Na4 Bd3 132. Nb2 Bg5+ 133. Ke1 Bb5 134. Kf2 Bd2 135. Nd1 Kd3 136. Kf3 Bc6+ 137. Kg3 Ke2 138. Nf2 Be1 139. Kh2 Bxf2 0-1


[Site "https://www.chess.com"]

[Event "Titled Tuesday Blitz March 08 Early 2022"]
[White "Khismatullin, Denis"]
[Black "Golubka, Petro"]
[WhiteFideId "4142578"]
[BlackFideId "14114224"]
[WhiteElo "2543"]
[BlackElo "2346"]
[Result "0-1"]
[Round "08"]
[TimeControl "180+1"]
[Date "2022.03.08"]
[WhiteClock "0:00:27"]
[BlackClock "0:00:17"]

1. d4 d5 2. c4 dxc4 3. e4 e5 4. Nf3 exd4 5. Bxc4 Bb4+ 6. Nbd2 Nc6 7. O-O Nf6 8. e5 Ng4 9. h3 Nh6 10. Ne4 Nf5 11. a3 Be7 12. b4 O-O 13. Qb3 a5 14. b5 a4 15. Qd3 Na5 16. Ba2 Be6 17. Bb1 Bc4 18. Nf6+ Bxf6 19. Qxf5 g6 20. Qxf6 Qxf6 21. exf6 Bxf1 22. Kxf1 Nb3 23. Bb2 Nxa1 24. Bxa1 Rfd8 25. Bxd4 Rd5 26. Ke2 Re8+ 27. Kd3 Rxb5 28. Bc2 Ra8 29. Kc4 c6 30. g4 Rd5 31. Be4 Rd6 32. g5 Re8 33. Bc2 Re2 34. Bxa4 h6 35. Bb3 hxg5 36. Nxg5 Rd5 37. h4 Rd2 38. Be3 R2d3 39. Kb4 Rb5+ 40. Kc4 Rbxb3 41. Ne4 b5+ 42. Kc5 Rxe3 43. fxe3 Rxe3 44. Nd6 Rxa3 45. Kxc6 Ra6+ 46. Kc5 Rxd6 47. Kxd6 b4 0-1


[Site "https://www.chess.com"]

[Event "Titled Tuesday Blitz March 08 Early 2022"]
[White "Kim, Sergey"]
[Black "Nasuta, Grzegorz"]
[WhiteFideId "13700570"]
[BlackFideId "1141686"]
[WhiteElo "2549"]
[BlackElo "2396"]
[Result "0-1"]
[Round "08"]
[TimeControl "180+1"]
[Date "2022.03.09"]
[WhiteClock "0:00:35"]
[BlackClock "0:00:07"]

1. d4 Nf6 2. c4 g6 3. Nc3 d5 4. cxd5 Nxd5 5. e4 Nxc3 6. bxc3 Bg7 7. Bc4 c5 8. Ne2 Nc6 9. Be3 O-O 10. O-O Qc7 11. Rc1 Rd8 12. Qd2 b6 13. Bh6 Bb7 14. Bxg7 Kxg7 15. f4 Qd7 16. f5 cxd4 17. fxg6 Ne5 18. cxd4 Nxc4 19. Rxc4 hxg6 20. d5 Rac8 21. Rxc8 Rxc8 22. Qf4 e6 23. d6 f5 24. exf5 exf5 25. Nd4 Rc5 26. Qg5 Kf7 27. Qf4 Rd5 28. Nf3 Qxd6 29. Qh6 Rd1 30. Qh7+ Ke8 31. Qxb7 Qc5+ 0-1


[Site "https://www.chess.com"]

[Event "Titled Tuesday Blitz March 08 Early 2022"]
[White "Kirillov, Dmitry"]
[Black "Spata, German"]
[WhiteFideId "34180572"]
[BlackFideId "113026"]
[WhiteElo "2076"]
[BlackElo "2238"]
[Result "1-0"]
[Round "08"]
[TimeControl "180+1"]
[Date "2022.03.09"]
[WhiteClock "0:00:04"]
[BlackClock "0:00:02"]

1. d4 e6 2. c4 Nf6 3. Nf3 d5 4. e3 Be7 5. b3 O-O 6. Bd3 b6 7. O-O Bb7 8. Bb2 dxc4 9. bxc4 c5 10. Nc3 cxd4 11. exd4 Nc6 12. Re1 Rc8 13. d5 exd5 14. Nxd5 Nxd5 15. cxd5 Nb4 16. Bf5 Rc5 17. Qd4 Bf6 18. Qxb4 a5 19. Bxf6 Qxf6 20. Qg4 Bxd5 21. Be4 Be6 22. Qh4 Qxh4 23. Nxh4 g6 24. Nf3 Rd8 25. a3 Rc3 26. h3 b5 27. Rec1 Rdc8 28. Rxc3 Rxc3 29. Nd4 Bd7 30. Ne2 Rb3 31. Bd5 Rd3 32. Be4 Rb3 33. Nc1 Rc3 34. Nd3 Kg7 35. Ne5 Be6 36. Nc6 a4 37. Nd4 Bd7 38. Bc2 Rc4 39. Rd1 Rc3 40. Rd3 Rc4 41. Kf1 Be8 42. Ke2 b4 43. axb4 Rxb4 44. Kd2 a3 45. Bb3 Ba4 46. Bxa4 Rxa4 47. Nc2 a2 48. Na1 Rb4 49. Ra3 Rb2+ 50. Ke3 h5 51. h4 Kh7 52. g3 Kg7 53. Ra7 Kf6 54. Ra5 Kg7 55. f3 Rg2 56. Kf4 Rb2 57. g4 hxg4 58. fxg4 Rb4+ 59. Kf3 Rb2 60. Kf4 Rb4+ 61. Kg3 Rb2 62. h5 gxh5 63. gxh5 Rd2 64. Kg4 Rd4+ 65. Kg5 Rd2 66. Nb3 Rb2 67. Nd4 Rb4 68. Nf5+ Kh7 69. Rxa2 Rb5 70. Ra7 Kg8 71. h6 Rb6 72. Ra8+ Kh7 73. Rf8 Rg6+ 74. Kh5 Rf6 75. Kg5 Rg6+ 76. Kf4 Rf6 77. Re8 Kg6 78. Rg8+ Kh7 79. Rg7+ Kh8 80. Kg5 Ra6 81. Rxf7 Rxh6 82. Kxh6 Kg8 83. Rg7+ Kh8 84. Ra7 Kg8 85. Kg6 Kf8 86. Ra8# 1-0


[Site "https://www.chess.com"]

[Event "Titled Tuesday Blitz March 08 Early 2022"]
[White "Kohler, Aran"]
[Black "Hryshchenko, Kamila"]
[WhiteFideId "1002856"]
[BlackFideId "14147491"]
[WhiteElo "2271"]
[BlackElo "1929"]
[Result "1-0"]
[Round "08"]
[TimeControl "180+1"]
[Date "2022.03.09"]
[WhiteClock "0:01:09"]
[BlackClock "0:01:24"]

1. e4 d5 2. Nc3 dxe4 3. Nxe4 Qd5 4. Ng3 h5 5. h4 Nc6 6. Qf3 Qd6 7. Qd3 Qe5+ 8. Be2 Bg4 9. Nf3 Bxf3 10. Qxf3 O-O-O 11. c3 Nf6 12. d4 Qa5 13. O-O e5 14. dxe5 Nxe5 15. Qf5+ Kb8 16. b4 Qd5 17. Rd1 Qxd1+ 18. Bxd1 Rxd1+ 19. Nf1 Bd6 20. Bb2 Rxa1 21. Bxa1 Re8 22. c4 Nxc4 23. Bxf6 gxf6 24. Qxf6 Re1 25. Qd8# 1-0


[Site "https://www.chess.com"]

[Event "Titled Tuesday Blitz March 08 Early 2022"]
[White "Kollars, Dmitrij"]
[Black "Durarbayli, Vasif"]
[WhiteFideId "12909572"]
[BlackFideId "13402935"]
[WhiteElo "2584"]
[BlackElo "2528"]
[Result "1-0"]
[Round "08"]
[TimeControl "180+1"]
[Date "2022.03.08"]
[WhiteClock "0:01:02"]
[BlackClock "0:00:02"]

1. d4 d5 2. c3 c6 3. Nf3 Bf5 4. Qb3 Qb6 5. Bf4 e6 6. Nh4 Be4 7. Nd2 h6 8. Nxe4 dxe4 9. g3 Nd7 10. Ng2 g5 11. Bd2 c5 12. h4 Qxb3 13. axb3 cxd4 14. cxd4 Bg7 15. hxg5 hxg5 16. Rxh8 Bxh8 17. Bxg5 Bxd4 18. O-O-O Bxf2 19. e3 f6 20. Bh4 Ne5 21. Be2 Rc8+ 22. Kb1 Rd8 23. Rf1 Rd2 24. Rxf2 Ke7 25. Kc1 Rd8 26. Nf4 Rc8+ 27. Kb1 Kd6 28. g4 Nf7 29. Nh5 1-0


[Site "https://www.chess.com"]

[Event "Titled Tuesday Blitz March 08 Early 2022"]
[White "Korkmaz, Necmettin"]
[Black "Ahn, Hongjin"]
[WhiteFideId "6303285"]
[BlackFideId "13201492"]
[WhiteElo "2094"]
[BlackElo "1873"]
[Result "1/2-1/2"]
[Round "08"]
[TimeControl "180+1"]
[Date "2022.03.09"]
[WhiteClock "0:00:19"]
[BlackClock "0:00:24"]

1. e4 e6 2. d3 c5 3. Nd2 Nc6 4. Ngf3 g6 5. g3 Bg7 6. Bg2 Nge7 7. O-O O-O 8. Re1 d5 9. e5 Qc7 10. Qe2 a5 11. c3 a4 12. a3 b5 13. Nf1 b4 14. c4 Ba6 15. Bf4 Nf5 16. cxd5 Ncd4 17. Nxd4 Nxd4 18. Qd1 exd5 19. Bxd5 Bb7 20. e6 Qxf4 21. Bxb7 Qb8 22. exf7+ Kh8 23. Bxa8 Qxa8 24. Re8 Rxe8 25. fxe8=Q+ Qxe8 26. axb4 Nb3 27. Rb1 cxb4 28. Nd2 Nd4 29. Ne4 Qc6 30. Kg2 Nb3 31. Qf3 h6 32. h4 Nd4 33. Qf7 Qc2 34. Nf6 Qc6+ 35. Ne4 Qc2 36. Qe8+ Kh7 37. Qf7 Kh8 1/2-1/2


[Site "https://www.chess.com"]

[Event "Titled Tuesday Blitz March 08 Early 2022"]
[White "Kosteniuk, Alexandra"]
[Black "Tari, Aryan"]
[WhiteFideId "4128125"]
[BlackFideId "1510045"]
[WhiteElo "2469"]
[BlackElo "2567"]
[Result "0-1"]
[Round "08"]
[TimeControl "180+1"]
[Date "2022.03.08"]
[WhiteClock "0:01:49"]
[BlackClock "0:01:46"]

1. e4 c6 2. Nc3 d5 3. Nf3 Nf6 4. e5 Ng8 5. d4 Bg4 6. Be2 Bxf3 7. Bxf3 e6 8. h4 c5 9. Ne2 Nc6 10. c3 cxd4 11. cxd4 Bb4+ 12. Kf1 Nge7 13. Ng3 O-O 14. h5 f6 15. exf6 Rxf6 16. Bg5 Rf7 17. Qe2 Nxd4 18. Qe3 Nc2 19. Qxe6 Nxa1 20. Nf5 Qc8 0-1


[Site "https://www.chess.com"]

[Event "Titled Tuesday Blitz March 08 Early 2022"]
[White "Krysa, Leandro"]
[Black "Musovic, Armin"]
[WhiteFideId "116807"]
[BlackFideId "939935"]
[WhiteElo "2490"]
[BlackElo "2283"]
[Result "1-0"]
[Round "08"]
[TimeControl "180+1"]
[Date "2022.03.09"]
[WhiteClock "0:00:39"]
[BlackClock "0:01:07"]

1. e4 c6 2. d4 d5 3. e5 c5 4. dxc5 Nc6 5. Nf3 Bg4 6. Bb5 e6 7. b4 Bxf3 8. Qxf3 Ne7 9. O-O Qc7 10. Re1 Ng6 11. Qg3 Be7 12. a3 O-O 13. Bxc6 Qxc6 14. Bb2 Rfc8 15. c4 dxc4 16. Nd2 b5 17. Ne4 a5 18. Nd6 axb4 19. Nxc8 Rxc8 20. axb4 h5 21. Red1 Qe4 22. Qe3 Qc2 23. Rd2 Qf5 24. Qf3 Qxf3 25. gxf3 Nh4 26. Rd7 Nxf3+ 27. Kg2 Nh4+ 28. Kh3 Nf5 29. Raa7 Kf8 30. c6 g5 31. c7 Ke8 32. Rd1 Bxb4 33. Rb7 c3 34. Rb8 g4+ 35. Kg2 Nd6 36. exd6 Kd7 37. Rxc8 1-0


[Site "https://www.chess.com"]

[Event "Titled Tuesday Blitz March 08 Early 2022"]
[White "Kuderinov, Kirill"]
[Black "Horak, Martin"]
[WhiteFideId "13701568"]
[BlackFideId "367095"]
[WhiteElo "2432"]
[BlackElo "1997"]
[Result "1-0"]
[Round "08"]
[TimeControl "180+1"]
[Date "2022.03.09"]
[WhiteClock "0:01:06"]
[BlackClock "0:00:03"]

1. e4 e5 2. Nf3 Nc6 3. Bc4 Nf6 4. d3 Be7 5. O-O O-O 6. Re1 d6 7. c3 Na5 8. Bb5 a6 9. Ba4 b5 10. Bc2 c5 11. Nbd2 Nc6 12. Nf1 h6 13. h3 Re8 14. Ng3 Bf8 15. a3 d5 16. b4 dxe4 17. dxe4 Be6 18. Be3 Nd7 19. Nf5 Nb6 20. Nd2 Kh7 21. Qf3 g6 22. Red1 Qf6 23. Nf1 Rad8 24. N1g3 gxf5 25. exf5 Bd5 26. Qg4 Nc4 27. Nh5 Qh8 28. Rxd5 f6 29. Qg6# 1-0


[Site "https://www.chess.com"]

[Event "Titled Tuesday Blitz March 08 Early 2022"]
[White "Kuzmin, Roman"]
[Black "Hambleton, Aman"]
[WhiteFideId "44134932"]
[BlackFideId "2606577"]
[WhiteElo "1978"]
[BlackElo "2552"]
[Result "0-1"]
[Round "08"]
[TimeControl "180+1"]
[Date "2022.03.09"]
[WhiteClock "0:00:01"]
[BlackClock "0:00:03"]

1. e4 b6 2. d4 Bb7 3. Nc3 e6 4. Bd3 Nf6 5. Nge2 d5 6. e5 Ng8 7. Nf4 Ba6 8. Nce2 Bxd3 9. Qxd3 Ne7 10. O-O Qd7 11. Nh5 c5 12. c3 Nbc6 13. Neg3 Ng6 14. Bh6 Rg8 15. Be3 c4 16. Qc2 O-O-O 17. f4 Rh8 18. f5 Nge7 19. f6 gxf6 20. Rxf6 Ng8 21. Rf3 Re8 22. Raf1 Nd8 23. Bg5 Be7 24. Nf6 Nxf6 25. exf6 Bd6 26. Bf4 Rhg8 27. Qxh7 Rg6 28. Qh4 Reg8 29. Bxd6 Qxd6 30. Qf4 Qc6 31. Qe5 a5 32. b3 Kb7 33. h4 Rg4 34. h5 cxb3 35. axb3 Qd7 36. Qe3 b5 37. h6 Nc6 38. R1f2 Rh4 0-1


[Site "https://www.chess.com"]

[Event "Titled Tuesday Blitz March 08 Early 2022"]
[White "Lauridsen, Jesper Morch"]
[Black "Heinemann, Josefine"]
[WhiteFideId "1401890"]
[BlackFideId "12900460"]
[WhiteElo "2254"]
[BlackElo "2300"]
[Result "1/2-1/2"]
[Round "08"]
[TimeControl "180+1"]
[Date "2022.03.09"]
[WhiteClock "0:00:30"]
[BlackClock "0:01:13"]

1. e4 e5 2. Nf3 Nc6 3. Bb5 a6 4. Bxc6 dxc6 5. O-O Bg4 6. h3 h5 7. d3 Qf6 8. Be3 Bxf3 9. Qxf3 Qxf3 10. gxf3 f6 11. Nd2 g5 12. d4 Bd6 13. Nc4 exd4 14. Bxd4 Kf7 15. e5 fxe5 16. Nxe5+ Bxe5 17. Bxe5 Rh6 18. Rad1 Re8 19. Rd7+ Re7 20. Rxe7+ Nxe7 21. Bxc7 Re6 22. Bd8 Re2 23. Bxe7 Kxe7 24. Rc1 Kf6 25. Kf1 Rd2 26. Ke1 Rd4 27. Rd1 Rh4 28. Rd7 Rxh3 29. Ke2 Rh1 30. Rxb7 h4 31. a4 h3 32. Rh7 h2 33. b4 Ke6 34. c4 Kd6 35. Rh6+ Ke5 36. b5 axb5 37. axb5 cxb5 38. cxb5 Kf5 39. b6 Rb1 40. Rxh2 Rxb6 41. Kf1 Rb4 42. Rh8 Ra4 43. Kg2 Rb4 44. Rf8+ Kg6 45. Kg3 Ra4 46. Rb8 Rc4 47. Rb6+ Kf5 48. Rb5+ Kf6 49. Rd5 Ra4 50. Rd3 Rb4 51. Re3 Ra4 52. Re4 Ra2 53. Rb4 Rc2 54. f4 gxf4+ 55. Rxf4+ Kg6 56. Rb4 Rc6 57. Kg4 Ra6 58. f4 Rc6 59. Re4 Ra6 60. Re7 Kf6 61. Rh7 Ra5 62. Rh6+ Kg7 63. Rb6 Kf7 64. f5 Ra1 65. Rb7+ Kf6 66. Rb6+ Kf7 67. Rb7+ Kf6 68. Rb6+ Kf7 1/2-1/2


[Site "https://www.chess.com"]

[Event "Titled Tuesday Blitz March 08 Early 2022"]
[White "Lazavik, Denis"]
[Black "Bryakin, Mikhail"]
[WhiteFideId "13515110"]
[BlackFideId "4165314"]
[WhiteElo "2437"]
[BlackElo "2417"]
[Result "1-0"]
[Round "08"]
[TimeControl "180+1"]
[Date "2022.03.08"]
[WhiteClock "0:02:30"]
[BlackClock "0:02:13"]

1. d4 Nf6 2. c4 c5 3. d5 e6 4. Nc3 exd5 5. cxd5 Bd6 6. Nf3 O-O 7. e4 Re8 8. Bd3 a6 9. Bc2 b5 10. O-O Bc7 11. d6 Ba5 12. e5 Ng4 13. Bxh7+ Kxh7 14. Ng5+ Kg8 15. Qxg4 Rxe5 16. Qh5 Rxg5 17. Bxg5 Qf8 18. Be7 Qe8 19. Nd5 Bb7 20. Nf6+ 1-0


[Site "https://www.chess.com"]

[Event "Titled Tuesday Blitz March 08 Early 2022"]
[White "Leiva, Gianmarco"]
[Black "Orlov, Georgi"]
[WhiteFideId "3804399"]
[BlackFideId "2011271"]
[WhiteElo "2311"]
[BlackElo "2546"]
[Result "0-1"]
[Round "08"]
[TimeControl "180+1"]
[Date "2022.03.09"]
[WhiteClock "0:00:02"]
[BlackClock "0:01:11"]

1. e4 e6 2. Qe2 c5 3. g3 Nc6 4. Bg2 g6 5. f4 Bg7 6. d3 Nge7 7. e5 d6 8. exd6 Qxd6 9. Nc3 Nd4 10. Qf2 Nec6 11. Ne4 Qe7 12. c3 f5 13. cxd4 fxe4 14. dxe4 Bxd4 15. Be3 e5 16. Ne2 Nb4 17. O-O-O Nxa2+ 18. Kb1 Be6 19. f5 O-O 20. Nxd4 cxd4 21. Bh6 Qb4 22. Bxf8 Rxf8 23. Rd3 Bc4 24. Ra3 Nc3+ 25. Ka1 Nb5 26. Qe1 Nxa3 27. Qxb4 Nc2+ 28. Kb1 Nxb4 29. g4 Bd3+ 30. Ka1 Rf6 31. g5 Ra6# 0-1


[Site "https://www.chess.com"]

[Event "Titled Tuesday Blitz March 08 Early 2022"]
[White "Leve, Nitai"]
[Black "Osmonbekov, Talaibek"]
[WhiteFideId "2006898"]
[BlackFideId "2017253"]
[WhiteElo "2144"]
[BlackElo "2135"]
[Result "1-0"]
[Round "08"]
[TimeControl "180+1"]
[Date "2022.03.09"]
[WhiteClock "0:00:43"]
[BlackClock "0:00:17"]

1. e4 c5 2. Nf3 d6 3. d4 cxd4 4. Qxd4 a6 5. c4 Nc6 6. Qe3 g6 7. h3 Bg7 8. Be2 Nf6 9. O-O O-O 10. Rd1 Nd7 11. Nc3 b6 12. b3 Bb7 13. Bb2 a5 14. Rab1 Nc5 15. Nd5 Bxb2 16. Rxb2 Nb4 17. Qh6 f6 18. Nxb4 axb4 19. e5 Qc7 20. exd6 exd6 21. Rbd2 Ne4 22. Nd4 Nxd2 23. Rxd2 Rfe8 24. Bg4 f5 25. Bxf5 Re1+ 26. Kh2 d5+ 27. f4 gxf5 28. Nxf5 Rf8 29. Qg5+ Kh8 30. cxd5 Qf7 31. g4 Bxd5 32. Rxd5 Re2+ 33. Kg3 Rg2+ 34. Kh4 Rg8 35. Rd8 1-0


[Site "https://www.chess.com"]